Map: Orbital Shipyard

Players

bikez - Winner!

  • Race: Protoss Protoss
  • League: Gold

LilDicky

  • Race: Zerg Zerg
  • League: Diamond

VOD

http://www.twitch.tv/tumescentpie

Description

Time

  • Played on: Dec. 15, 2015, 9:58 p.m.
  • Length: 17:10
Show
View Real Time Build Order
Export as new Build Order

bikez Protoss - Winner!

Build Orders:  

Get SALT Encoding   

  12  0:02  Probe (Chrono Boost)  
  13  0:13  Probe (Chrono Boost)  
  14  0:23  Probe (Chrono Boost)  
  15  0:29  Pylon  
  15  0:47  Probe (Chrono Boost)  
  16  0:50  Forge  
  16  0:52  Assimilator  
  16  0:58  Probe (Chrono Boost)  
  17  1:08  Probe (Chrono Boost)  
  18  1:19  Probe (Chrono Boost)  
  19  1:26  Photon Cannon  
  19  1:29  Probe (Chrono Boost)  
  19  1:31  Pylon  
  21  1:40  Probe (Chrono Boost)  
  21  1:51  Probe (Chrono Boost)  
  22  2:00  Nexus  
  22  2:06  Assimilator  
  22  2:12  Photon Cannon  
  22  2:19  Pylon  
  22  2:45  Photon Cannon  
  22  2:48  Photon Cannon  
  22  2:53  Gateway  
  22  3:06  Pylon  
  22  3:08  Nexus  
  22  3:23  Pylon  
  22  3:27  Photon Cannon  
  22  3:46  Pylon  
  22  3:49  Protoss Shields Level 1  
  22  3:55  Nexus  
  22  4:07  Photon Cannon  
  22  4:27  Zealot  
  24  4:33  Pylon  
  24  4:38  Cybernetics Core  
  24  4:43  Probe (Chrono Boost)  
  24  4:53  Probe (Chrono Boost)  
  24  4:54  Zealot  
  27  5:04  Probe (Chrono Boost)  
  27  5:14  Probe (Chrono Boost)  
  27  5:17  Pylon  
  27  5:23  Zealot  
  27  5:25  Probe (Chrono Boost)  
  31  5:35  Probe (Chrono Boost)  
  29  5:46  Probe (Chrono Boost)  
  29  5:47  Assimilator  
  30  5:54  Stargate  
  30  5:57  Probe (Chrono Boost)  
  29  6:14  Probe (Chrono Boost)  
  30  6:25  Probe (Chrono Boost)  
  30  6:40  Nexus  
  30  6:49  Probe (Chrono Boost), Pylon  
  31  6:59  Protoss Ground Armor Level 1  
  31  7:00  Probe (Chrono Boost), Void Ray  
  36  7:03  Protoss Air Weapons Level 1  
  36  7:11  Mothership Core (Chrono Boost)  
  38  7:20  Photon Cannon  
  38  7:21  Photon Cannon  
  38  7:27  Assimilator  
  38  7:29  Probe (Chrono Boost)  
  39  7:30  Assimilator  
  39  7:39  Probe (Chrono Boost)  
  40  7:46  Pylon  
  40  7:50  Probe (Chrono Boost)  
  41  7:51  Void Ray  
  45  8:00  Probe (Chrono Boost)  
  46  8:11  Probe (Chrono Boost)  
  47  8:15  Nexus  
  47  8:17  Pylon  
  47  8:18  Probe (Chrono Boost)  
  48  8:20  Pylon  
  48  8:21  Probe (Chrono Boost)  
  49  8:28  Probe (Chrono Boost)  
  49  8:31  Pylon  
  49  8:32  Probe (Chrono Boost)  
  51  8:39  Probe (Chrono Boost)  
  52  8:43  Probe (Chrono Boost)  
  53  8:49  Probe (Chrono Boost)  
  53  8:53  Probe (Chrono Boost)  
  54  8:56  Photon Cannon  
  54  8:58  Photon Cannon  
  54  9:00  Probe (Chrono Boost)  
  54  9:02  Pylon  
  55  9:04  Probe (Chrono Boost)  
  56  9:10  Probe (Chrono Boost)  
  56  9:14  Probe (Chrono Boost)  
  58  9:18  Void Ray  
  58  9:21  Probe (Chrono Boost)  
  58  9:22  Protoss Ground Weapons Level 1  
  63  9:27  Probe (Chrono Boost)  
  64  9:31  Probe (Chrono Boost)  
  64  9:36  Probe (Chrono Boost)  
  64  9:38  Probe (Chrono Boost)  
  67  9:42  Probe (Chrono Boost)  
  68  9:46  Probe (Chrono Boost)  
  68  9:49  Probe (Chrono Boost)  
  68  9:52  Probe (Chrono Boost)  
  71  9:55  Probe (Chrono Boost)  
  71  9:57  Probe (Chrono Boost)  
  71  9:59  Probe (Chrono Boost)  
  74  10:02  Probe (Chrono Boost)  
  74  10:05  Fleet Beacon  
  74  10:06  Probe (Chrono Boost)  
  76  10:07  Probe (Chrono Boost)  
  76  10:10  Probe (Chrono Boost)  
  76  10:13  Probe (Chrono Boost)  
  79  10:15  Protoss Air Armor Level 1, Stargate  
  79  10:16  Probe (Chrono Boost)  
  79  10:18  Probe (Chrono Boost)  
  81  10:23  Probe (Chrono Boost)  
  81  10:26  Pylon  
  82  10:30  Probe (Chrono Boost)  
  82  10:34  Probe (Chrono Boost)  
  84  10:40  Probe (Chrono Boost), Assimilator  
  85  10:43  Probe (Chrono Boost), Assimilator  
  86  10:51  Probe (Chrono Boost)  
  86  10:52  Assimilator  
  86  10:54  Probe (Chrono Boost)  
  88  10:57  Assimilator  
  88  11:01  Robotics Facility  
  88  11:05  Probe (Chrono Boost)  
  88  11:09  Stargate  
  89  11:13  Pylon, Carrier (Chrono Boost)  
  89  11:14  Probe (Chrono Boost)  
  89  11:15  Pylon  
  102  11:25  Carrier (Chrono Boost)  
  102  11:27  Twilight Council  
  102  11:39  Pylon  
  102  11:43  Photon Cannon  
  102  11:45  Photon Cannon  
  102  11:47  Photon Cannon  
  102  11:49  Pylon  
  102  11:50  Photon Cannon  
  102  11:51  Observer  
  103  12:03  Carrier (Chrono Boost)  
  99  12:18  Probe  
  91  12:28  Probe  
  91  12:29  Carrier (Chrono Boost)  
  97  12:31  Protoss Shields Level 2  
  97  12:32  Protoss Air Weapons Level 2  
  97  12:34  Graviton Catapult  
  98  12:40  Cybernetics Core  
  98  12:42  Carrier (Chrono Boost)  
  104  12:46  Probe  
  104  12:50  Stargate  
  105  12:53  Probe  
  106  12:58  Probe  
  106  13:05  Probe  
  108  13:10  Probe  
  109  13:18  Carrier (Chrono Boost)  
  115  13:21  Observer  
  116  13:31  Protoss Air Armor Level 2  
  122  13:44  Nexus  
  122  13:49  Carrier (Chrono Boost), Assimilator  
  122  13:54  Assimilator  
  122  13:59  Pylon  
  122  14:08  Nexus  
  122  14:09  Carrier x2 (Chrono Boost)  
  134  14:33  Assimilator  
  134  14:39  Assimilator  
  134  14:49  Carrier (Chrono Boost)  
  132  15:15  Carrier (Chrono Boost)  
  132  15:32  Probe  
  133  15:41  Probe  
  133  15:42  Probe  
  135  15:52  Probe  
  135  15:53  Probe  
  137  16:03  Probe  
  156  16:11  Probe  
  156  16:13  Assimilator  
  156  16:14  Probe  
  158  16:22  Probe  
  159  16:32  Probe  
Show
View Real Time Build Order
Export as new Build Order

LilDicky Zerg 

Build Orders: Pool First 

Get SALT Encoding   

  12  0:19  Spawning Pool  
  11  0:49  Overlord  
  11  1:06  Zergling x6  
  11  1:09  Queen  
  16  1:21  Zergling x2  
  17  1:31  Zergling x2  
  18  1:40  Zergling x2  
  19  1:50  Zergling x2  
  19  2:28  Hatchery  
  19  2:29  Zergling x2  
  17  2:30  Zergling x2  
  17  2:44  Drone  
  17  2:58  Zergling x2  
  18  3:23  Drone  
  18  3:24  Drone  
  20  3:34  Zergling x2  
  20  4:03  Drone  
  20  4:04  Drone x2  
  23  4:16  Extractor  
  22  5:02  Overlord x2  
  22  5:31  Hatchery  
  22  5:34  Drone x7  
  22  5:35  Drone  
  29  5:47  Spine Crawler  
  29  5:48  Spine Crawler  
  26  6:05  Drone x3  
  26  6:06  Drone  
  26  6:07  Drone  
  31  6:48  Spine Crawler  
  31  6:50  Spore Crawler, Spine Crawler x2  
  31  6:51  Spine Crawler  
  26  6:54  Queen  
  26  6:55  Spore Crawler  
  26  6:58  Drone  
  26  6:59  Drone x5  
  33  7:02  Extractor  
  33  7:07  Metabolic Boost  
  29  7:42  Drone x4  
  29  7:43  Drone x5  
  38  8:05  Lair  
  37  8:14  Roach Warren  
  36  8:55  Drone x3  
  39  8:57  Roach x2  
  39  8:58  Hatchery, Overlord x4  
  42  9:08  Spore Crawler  
  41  9:10  Spine Crawler  
  41  9:13  Roach  
  41  9:14  Roach  
  44  9:23  Glial Reconstitution  
  44  9:27  Burrow  
  44  9:30  Extractor x2  
  42  9:31  Roach  
  42  9:32  Roach x8  
  60  9:49  Queen  
  62  10:17  Roach x10  
  82  10:34  Extractor  
  81  10:37  Extractor, Queen  
  82  10:44  Overlord x3  
  82  11:02  Queen  
  84  11:06  Drone x3  
  84  11:07  Drone x2  
  84  11:08  Drone  
  84  11:09  Drone  
  84  11:10  Drone x9  
  100  11:13  Ravager  
  100  11:14  Ravager x5  
  104  12:21  Roach  
  104  12:22  Overlord x4  
  106  12:23  Overlord x4  
  106  12:45  Overseer  
  106  12:49  Evolution Chamber  
  106  12:50  Evolution Chamber  
  104  12:52  Evolution Chamber  
  104  12:57  Infestation Pit  
  102  13:01  Hydralisk Den  
  102  13:03  Roach  
  103  13:07  Roach x15  
  133  13:41  Roach  
  133  13:42  Roach x12  
  159  13:48  Hive  
  159  13:49  Lurker Den  
  159  13:52  Zerg Missile Weapons Level 1, Zerg Ground Armor Level 1, Zerg Melee Weapons Level 1  
  159  13:56  Neural Parasite  
  159  14:02  Drone x3  
  162  14:48  Pneumatized Carapace  
  162  14:51  Tunneling Claws  
  162  15:08  Hatchery  
  162  15:13  Roach x13  
  161  15:19  Hydralisk  
  161  15:20  Hydralisk x4  
  161  15:21  Hydralisk x10  
  147  15:24  Roach x5  
  105  15:36  Hydralisk  
  105  15:37  Hydralisk x3  
  99  15:51  Hydralisk x3  
  105  16:05  Spore Crawler  
Tags
 
Add a new tag
Caveats
  • Supply blocks, unpowered buildings, or Contaminate may cause inaccurate times.
  • Supply counts are checked every 10 seconds.